 Dungeon Crawl Stone Soup version 0.28.0-43-g3370ac3207 (webtiles) character file.

Game seed: 18392089147449968554

25 Bearnado the Poker (level 2, -7/27 HPs)
             Began as a Minotaur Berserker on Apr 1, 2022.
             Was a Follower of Trog.
             Killed from afar by Sigmund (8 damage)
             ... with a magic dart
             ... on level 2 of the Dungeon.
             The game lasted 00:03:47 (679 turns).

Bearnado the Poker (Minotaur Berserker)              Turns: 679, Time: 00:03:47

Health: -7/27      AC:  2    Str: 21    XL:     2   Next: 82%
Magic:  1/1        EV: 12    Int:  4    God:    Trog [*.....]
Gold:   15         SH:  0    Dex:  9    Spells: 1/1 levels left

rFire   . . .      SeeInvis .   a - +0 spear
rCold   . . .      Faith    .   (no shield)
rNeg    . . .      Spirit   .   b - +0 animal skin
rPois   .          Reflect  .   (helmet restricted)
rElec   .          Harm     .   (no cloak)
rCorr   .          Rampage  .   (no gloves)
Will    .....                   (no boots)
Stlth   +.........              (no amulet)
HPRegen 0.09/turn               (no ring)
MPRegen 0.07/turn               (no ring)

@: confused, on berserk cooldown, slowed, very slow
A: horns 2, retaliatory headbutt
a: Renounce Religion, Berserk


You were on level 2 of the Dungeon.
You worshipped Trog.
Trog was aware of your devotion.
You visited 1 branch of the dungeon, and saw 2 of its levels.

You collected 15 gold pieces.

Inventory:

Hand Weapons
 a - a +0 spear (weapon)
Missiles
 e - 5 poisoned darts (quivered)
 f - 22 arrows
Armour
 b - a +0 animal skin (worn)
Jewellery
 d - a ring of ice
Scrolls
 c - a scroll of teleportation {unknown}
Potions
 g - a potion of curing {unknown}
 h - a potion of attraction {unknown}


   Skills:
 + Level 4.0 Fighting
 + Level 4.3 Polearms
 + Level 2.6 Armour
 + Level 2.4 Dodging


You had one spell level left.
You didn't know any spells.
Your spell library was empty.

Dungeon Overview and Level Annotations

Branches:
Dungeon (2/15)

Altars:

Shops:
D:1 *

Annotations:
D:2 Sigmund


Innate Abilities, Weirdness & Mutations

You have a pair of horns on your head.
You reflexively headbutt those who attack you in melee.


Message History

You reach to attack!
You puncture Sigmund!
Sigmund is severely wounded.
Sigmund closely misses you.
You reach to attack!
You hit Sigmund.
Sigmund is severely wounded.
You reach to attack!
You hit Sigmund but do no damage.
Sigmund is severely wounded.
You reach to attack!
You closely miss Sigmund.
Sigmund is severely wounded.
Sigmund casts a spell at you.
You are confused.
You are too confused!
You are too confused!
You are too confused!
You are too confused!
You are too confused!
You are too confused!
You are too confused!
You are too confused!
You are too confused!
You are too confused!
You are too confused!
You are too confused!
You bump into the rock wall.
Sigmund mumbles some strange words.
Sigmund flickers and vanishes!
Deactivating autopickup; reactivate with Ctrl-A.
You feel a strong urge to attack something.
You are no longer berserk.
You are exhausted.
You feel yourself slow down.
You completely miss something. Your headbutt misses something.
Something hits you.
You barely miss something. Your headbutt misses something. Something hits you!
* * * LOW HITPOINT WARNING * * *
You bump into the rock wall.
You hear some strange, mumbled words.
A magic dart appears from out of thin air!
The magic dart hits you!
You die...

#.####......#
#...........#
######......#
#......#
#......#
#......#
#......#
#####.## #@#
#{# #.. ####


There were no monsters in sight!

Vanquished Creatures
  A dart slug (D:1)
  2 endoplasms (D:2)
  A giant cockroach (D:1)
  6 hobgoblins (D:1)
  2 jackals (D:1)
  A quokka (D:1)
  2 ball pythons (D:1)
  2 bats (D:1)
  2 rats (D:1)
19 creatures vanquished.

Notes
Turn   | Place    | Note
-------+----------+-------------------------------------------
     0 | D:1      | Bearnado the Minotaur Berserker began the quest for the
                  | Orb.
     0 | D:1      | Reached XP level 1. HP: 19/19 MP: 0/0
   155 | D:1      | Reached XP level 2. HP: 27/27 MP: 1/1
   322 | D:1      | Found Ucubli's General Store.
   397 | D:1      | Found a faded altar of an unknown god.
   661 | D:2      | Noticed Sigmund
   678 | D:2      | HP: 1/27 [something (11)]
   679 | D:2      | Killed from afar by Sigmund

Illustrated notes

Levels and vault maps discovered:
D:1:      evilmike_arrival_fibonacci_small, layout_basic,
          hellmonk_ecumenical_altar_leap_of_faith, serial_shops,
          nicolae_shop_hallway_stairs, nrook_loot_triangle
D:2:      minmay_thinvault, layout_basic, amcnicky_mini_corridor_feature,
          uniq_sigmund

Skill      XL: |  1  2 |
---------------+-------+-----
Polearms       | 4 |  4.3
Fighting       | 4 |  4.0
Armour         | |  2.6
Dodging        | |  2.4

Action                   || total
-------------------------++-------
Melee: Spear             ||    52
       Headbutt          ||     5
Invok: Berserk           ||     2
Armor: Animal skin       ||     2
Dodge: Dodged            ||    16
